Map: Cactus Valley LE (Void)

Players

daydrA

  • Race: Zerg Zerg
  • Spawn Location: 11:00

Harstem - Winner!

  • Race: Protoss Protoss
  • Spawn Location: 1:00

Event: WCS Austin 2017

VOD

Have the link to the VOD?

Description

Time

  • Played on: April 28, 2017, 1:41 p.m.
  • Length: 11:49

All games in this series

Show
View Real Time Build Order
Export as new Build Order

daydrA Zerg 

Build Orders: Hatch First 

Get SALT Encoding   

  12  0:00  Drone  
  13  0:13  Overlord  
  13  0:17  Drone  
  14  0:32  Drone x2  
  16  0:50  Hatchery  
  16  0:54  Drone  
  16  0:58  Drone  
  16  1:01  Drone  
  18  1:16  Extractor  
  18  1:17  Spawning Pool  
  16  1:21  Drone  
  16  1:24  Drone  
  18  1:29  Drone  
  19  1:39  Drone  
  20  1:51  Overlord  
  20  2:04  Queen x2  
  20  2:05  Zergling x2  
  20  2:07  Zergling x2  
  26  2:12  Zergling x2  
  27  2:18  Drone, Metabolic Boost  
  28  2:30  Drone  
  28  2:32  Drone  
  28  2:34  Drone  
  31  2:42  Queen  
  31  2:44  Overlord  
  33  2:49  Drone  
  34  2:53  Drone  
  35  3:00  Drone  
  35  3:01  Overlord  
  36  3:09  Lair  
  36  3:13  Drone x2  
  36  3:14  Drone  
  36  3:17  Drone  
  36  3:18  Drone  
  41  3:23  Drone x2  
  43  3:29  Drone x2  
  43  3:31  Extractor  
  43  3:32  Extractor  
  43  3:33  Drone  
  44  3:35  Drone  
  45  3:44  Drone, Spore Crawler  
  45  3:49  Drone  
  45  3:50  Drone  
  45  3:51  Roach Warren  
  45  3:52  Drone  
  47  3:55  Drone  
  47  3:56  Drone  
  47  4:01  Drone  
  47  4:02  Drone  
  45  4:12  Drone x2  
  45  4:13  Drone  
  47  4:20  Hydralisk Den  
  47  4:24  Drone  
  47  4:25  Drone x3  
  47  4:29  Zergling x2  
  47  4:30  Zergling x2  
  52  4:32  Overlord  
  52  4:35  Overlord  
  52  4:42  Overseer  
  52  4:52  Overlord x3  
  52  4:53  Hydralisk  
  52  4:57  Muscular Augments  
  54  5:00  Hydralisk  
  56  5:09  Hydralisk x3  
  62  5:23  Hydralisk  
  62  5:24  Hatchery  
  62  5:33  Hydralisk x3  
  68  5:38  Hydralisk  
  68  5:40  Zergling x4  
  72  5:44  Zergling x2  
  72  5:45  Zergling x2  
  72  5:49  Hydralisk x2  
  78  5:56  Overlord  
  78  6:00  Drone  
  79  6:10  Zergling x4, Hydralisk x2  
  85  6:12  Hydralisk  
  85  6:17  Baneling Nest  
  84  6:27  Zergling x8  
  84  6:28  Zergling x2  
  84  6:29  Zergling x4  
  89  6:35  Overlord  
  89  6:39  Drone x2  
  93  6:44  Zergling x2  
  94  6:53  Zergling x4  
  94  6:54  Zergling x10  
  97  6:58  Zergling x2  
  97  7:01  Drone  
  96  7:06  Spore Crawler  
  95  7:08  Baneling  
  95  7:09  Baneling x10  
  95  7:16  Zergling x2  
  95  7:17  Zergling x4  
  95  7:18  Overlord x3  
  95  7:19  Zergling x4  
  95  7:20  Zergling x2  
  95  7:21  Zergling x2  
  102  7:25  Zergling x2  
  102  7:27  Zergling x2  
  99  7:33  Zergling x4  
  99  7:34  Zergling x2  
  88  7:37  Zergling x4  
  88  7:38  Zergling x2  
  88  7:43  Zergling x6  
  93  7:44  Zergling x2  
  93  7:45  Zergling x4  
  94  7:51  Drone x3  
  94  7:52  Drone  
  94  7:54  Drone  
  94  7:57  Baneling x3  
  94  7:58  Baneling  
  99  8:03  Drone  
  99  8:04  Evolution Chamber  
  99  8:06  Drone  
  99  8:11  Zergling x2  
  99  8:12  Zergling x6  
  104  8:15  Zergling x4  
  104  8:17  Drone  
  107  8:25  Hydralisk x2  
  107  8:26  Zergling x4  
  113  8:31  Drone x3, Extractor  
  113  8:32  Extractor  
  111  8:38  Drone  
  112  8:44  Hydralisk  
  112  8:45  Hatchery  
  112  8:46  Zergling x2  
  112  8:47  Zergling x2  
  115  8:51  Overseer  
  115  8:52  Zergling x6  
  118  8:56  Zergling x6  
  118  8:59  Zerg Missile Weapons Level 1  
  121  9:05  Baneling x5  
  121  9:06  Baneling x5  
  121  9:07  Baneling  
  121  9:09  Zergling x4  
  123  9:13  Zergling x4  
  123  9:16  Zergling x4  
  127  9:22  Zergling x10  
  127  9:23  Zergling x2  
  133  9:30  Zergling x2, Hydralisk  
  133  9:31  Zergling x4  
  137  9:34  Zergling x6  
  137  9:38  Drone  
  133  9:40  Drone x2  
  132  9:49  Hydralisk  
  132  9:50  Zergling x4, Roach  
  134  9:53  Zergling x4, Roach  
  134  9:57  Overlord  
  137  10:00  Overlord x2  
  135  10:12  Zergling x4, Hydralisk x3  
  118  10:16  Zergling x2  
  118  10:20  Overlord, Zergling x2  
  99  10:22  Zergling x2  
  99  10:26  Overlord, Zergling x2  
  96  10:30  Zergling x2  
  96  10:31  Zergling x4  
  97  10:40  Hydralisk  
  97  10:41  Zergling x4, Roach  
  99  10:43  Drone  
  99  10:45  Drone  
  94  10:53  Drone x4  
  94  10:56  Baneling x4  
  98  10:57  Baneling x2  
  98  10:59  Zergling x2  
  98  11:02  Zergling x2  
  98  11:03  Zergling x2  
  101  11:05  Zergling x2  
  101  11:10  Drone x3  
  105  11:15  Zergling x4  
  105  11:16  Zergling x4  
  105  11:31  Zergling x6  
  105  11:32  Zergling x2  
Show
View Real Time Build Order
Export as new Build Order

Harstem Protoss - Winner!

Build Orders: 1 Gate Expand, Oracle Opening 

Get SALT Encoding   

  12  0:01  Probe (Chrono Boost)  
  13  0:12  Probe (Chrono Boost)  
  14  0:18  Pylon  
  14  0:23  Probe (Chrono Boost)  
  15  0:36  Probe (Chrono Boost)  
  15  0:38  Gateway  
  16  0:47  Probe (Chrono Boost)  
  16  0:49  Assimilator  
  17  0:57  Probe (Chrono Boost)  
  18  1:08  Probe (Chrono Boost)  
  19  1:18  Probe (Chrono Boost)  
  20  1:27  Nexus  
  20  1:34  Cybernetics Core  
  20  1:37  Probe (Chrono Boost)  
  21  1:42  Assimilator  
  21  1:47  Probe (Chrono Boost)  
  22  1:54  Pylon  
  22  1:58  Probe (Chrono Boost)  
  23  2:09  Adept  
  23  2:13  Warp Gate  
  23  2:14  Probe (Chrono Boost)  
  26  2:26  Probe (Chrono Boost)  
  26  2:29  Stargate  
  27  2:35  Adept  
  28  2:38  Probe (Chrono Boost)  
  28  2:40  Probe (Chrono Boost)  
  31  2:49  Pylon  
  31  2:50  Probe x2 (Chrono Boost)  
  33  3:01  Probe x2 (Chrono Boost)  
  35  3:09  Oracle  
  35  3:11  Probe (Chrono Boost)  
  35  3:12  Probe (Chrono Boost), Gateway  
  37  3:18  Gateway  
  40  3:22  Probe (Chrono Boost)  
  40  3:24  Probe (Chrono Boost)  
  42  3:28  Adept  
  42  3:32  Probe (Chrono Boost)  
  45  3:34  Pylon  
  45  3:36  Probe (Chrono Boost)  
  46  3:43  Probe (Chrono Boost)  
  46  3:47  Probe (Chrono Boost)  
  48  3:51  Pylon  
  48  3:53  Probe (Chrono Boost)  
  52  3:59  Adept  
  52  4:00  Probe (Chrono Boost)  
  55  4:04  Probe (Chrono Boost)  
  56  4:12  Probe (Chrono Boost)  
  56  4:14  Assimilator, Probe (Chrono Boost)  
  58  4:18  Assimilator  
  58  4:19  Robotics Facility  
  58  4:23  Gateway  
  55  4:24  Pylon  
  55  4:26  Mothership Core (Chrono Boost)  
  55  4:28  Gateway  
  55  4:30  Probe (Chrono Boost)  
  58  4:34  Pylon  
  58  4:37  Adept x3  
  64  4:40  Probe (Chrono Boost), Phoenix  
  67  4:47  Probe (Chrono Boost)  
  67  4:49  Pylon  
  69  5:00  Probe x2 (Chrono Boost)  
  69  5:02  Immortal  
  74  5:29  Zealot, Sentry, Nexus  
  74  5:31  Pylon  
  74  5:32  Twilight Council  
  74  5:33  Forge  
  78  5:37  Adept x3  
  78  5:41  Immortal  
  89  5:51  Probe (Chrono Boost)  
  89  5:53  Probe (Chrono Boost)  
  90  6:02  Resonating Glaives, Pylon  
  90  6:03  Probe (Chrono Boost), Protoss Ground Weapons Level 1  
  90  6:04  Probe (Chrono Boost), Adept x2  
  92  6:05  Adept  
  98  6:16  Probe (Chrono Boost)  
  99  6:20  Probe (Chrono Boost)  
  97  6:28  Probe (Chrono Boost)  
  97  6:29  Adept x4  
  104  6:35  Sentry  
  104  6:39  Pylon  
  106  6:42  Probe (Chrono Boost), Immortal  
  108  6:47  Probe (Chrono Boost)  
  108  6:51  Sentry  
  108  6:52  Sentry x2  
  108  6:53  Pylon  
  118  6:54  Adept  
  121  7:02  Probe x2 (Chrono Boost)  
  121  7:03  Probe (Chrono Boost), Photon Cannon  
  121  7:05  Pylon  
  121  7:08  Adept  
  125  7:11  Assimilator  
  125  7:14  Probe (Chrono Boost), Adept  
  128  7:15  Assimilator  
  128  7:17  Adept  
  128  7:18  Adept  
  132  7:25  Adept  
  132  7:27  Observer  
  132  7:28  Probe (Chrono Boost)  
  135  7:30  Probe (Chrono Boost)  
  105  7:40  Adept x3  
  105  7:41  Adept  
  105  7:43  Immortal  
  105  7:50  Probe x2 (Chrono Boost), Gateway  
  111  7:52  Sentry  
  111  7:56  Gateway, Charge  
  111  7:57  Protoss Ground Weapons Level 2  
  113  7:58  Templar Archives  
  113  8:00  Gateway  
  113  8:01  Adept  
  115  8:11  Pylon  
  115  8:24  Pylon  
  115  8:25  Psionic Storm  
  115  8:28  Pylon  
  115  8:31  Immortal, Probe (Chrono Boost)  
  116  8:39  Probe (Chrono Boost)  
  117  8:51  Robotics Facility, Probe (Chrono Boost)  
  117  8:52  Nexus  
  117  8:56  Adept x3  
  117  8:57  Sentry  
  125  9:02  Pylon  
  125  9:09  High Templar x2  
  129  9:16  Pylon, Adept x2  
  131  9:17  Zealot x2  
  135  9:26  Immortal  
  139  9:37  Warp Prism  
  138  9:39  Probe (Chrono Boost)  
  138  9:40  High Templar  
  138  9:41  High Templar  
  138  9:44  Pylon  
  138  9:45  Probe (Chrono Boost)  
  140  9:53  Zealot x3  
  144  10:05  Nexus  
  144  10:12  Adept x2  
  130  10:14  Adept  
  130  10:15  Adept x4  
  138  10:25  Immortal  
  136  10:31  Nexus  
  130  10:38  Adept x3  
  130  10:39  High Templar x2  
  130  10:41  High Templar, Observer  
  130  10:42  High Templar  
  144  10:46  Pylon  
  144  10:47  Pylon  
  143  11:01  Probe x2 (Chrono Boost)  
  143  11:02  Probe (Chrono Boost)  
  146  11:05  Zealot x3  
  146  11:08  Gateway  
  152  11:13  Probe (Chrono Boost), Zealot x2  
  157  11:30  Zealot  
  157  11:31  Zealot x4  
Tags
 
Add a new tag
Caveats
  • Supply blocks, unpowered buildings, or Contaminate may cause inaccurate times.
  • Supply counts are checked every 10 seconds.